 Dungeon Crawl Stone Soup version 0.28.0-53-g5a82cb258f (webtiles) character file.

Game seed: 1084134456455797528

174 DocClef the Magician (level 5, -17/37 HPs)
             Began as a Gnoll Hedge Wizard on July 15, 2022.
             Demolished by an ogre
             ... wielding a +0 giant club
              (33 damage)
             ... on level 4 of the Dungeon.
             The game lasted 00:03:06 (3633 turns).

DocClef the Magician (Gnoll Hedge Wizard)           Turns: 3633, Time: 00:03:07

Health: -17/37     AC:  2    Str:  9    XL:     5   Next: 54%
Magic:  7/14       EV: 13    Int: 16    God:
Gold:   48         SH:  0    Dex: 11    Spells: 17/18 levels left

rFire   . . .      SeeInvis .   f - +0 dagger (flame)
rCold   . . .      Faith    .   (no shield)
rNeg    . . .      Spirit   .   b - +0 robe
rPois   .          Reflect  .   c - +0 hat
rElec   .          Harm     .   (no cloak)
rCorr   .          Rampage  .   (no gloves)
Will    .....                   (no boots)
Stlth   ++........              (no amulet)
HPRegen 0.12/turn               (no ring)
MPRegen 0.14/turn               (no ring)

@: no status effects
A: fangs 1, strong nose, distributed training
a: no special abilities


You were on level 4 of the Dungeon.
You visited 1 branch of the dungeon, and saw 4 of its levels.

You collected 48 gold pieces.

Inventory:

Hand Weapons
 a - a +0 dagger
 f - a +0 dagger of flaming (weapon)
Armour
 b - a +0 robe (worn)
 c - a +0 hat (worn)
Jewellery
 k - a ring of fire
Scrolls
 d - 2 scrolls of noise {unknown}
 e - 2 scrolls of identify {unknown}
 l - a scroll of vulnerability {unknown}
Potions
 g - a potion of magic {unknown}
 h - 4 potions of heal wounds {unknown}
 i - 2 potions of might {unknown}
 j - a potion of berserk rage {unknown}


   Skills:
 + Level 1.5 Fighting
 + Level 1.5 Short Blades
 + Level 1.5 Long Blades
 + Level 1.5 Axes
 + Level 1.5 Maces & Flails
 + Level 1.5 Polearms
 + Level 1.5 Staves
 + Level 1.5 Slings
 + Level 1.5 Bows
 + Level 1.5 Crossbows
 + Level 1.5 Throwing
 + Level 1.5 Armour
 + Level 4.8 Dodging
 + Level 4.4 Stealth
 + Level 1.5 Shields
 + Level 1.5 Unarmed Combat
 + Level 7.3 Spellcasting
 + Level 2.4 Conjurations
 + Level 1.2 Hexes
 + Level 2.4 Summonings
 + Level 1.2 Necromancy
 + Level 2.4 Translocations
 + Level 1.2 Transmutations
 + Level 1.2 Fire Magic
 + Level 1.2 Ice Magic
 + Level 1.2 Air Magic
 + Level 1.2 Earth Magic
 + Level 1.2 Poison Magic
 + Level 1.7 Invocations
 + Level 1.5 Evocations


You had 17 spell levels left.
You knew the following spells:

 Your Spells              Type           Power      Damage    Failure   Level
a - Magic Dart            Conj           52%        1d5       4%          1

Your spell library contained the following spells:

 Spells                   Type           Power      Damage    Failure   Level
 Blink                    Tloc           26%        N/A       7%          2
 Call Imp                 Summ           13%        N/A       7%          2
 Slow                     Hex            36%        N/A       8%          1
 Conjure Flame            Conj/Fire      11%        6-21      17%         3
 Mephitic Cloud           Conj/Pois/Air  11%        N/A       19%         3
 Inner Flame              Hex/Fire       9%         N/A       22%         3
 Cause Fear               Hex            4%         N/A       58%         4
 Discord                  Hex            4%         N/A       100%        8


Dungeon Overview and Level Annotations

Branches:
Dungeon (4/15)
 Temple: D:4-7

Altars:
Qazlal
Yredelemnul

Shops:
D:4 *

Annotations:
D:3 Ijyb


Innate Abilities, Weirdness & Mutations

You have very sharp teeth.
Your uncanny sense of smell can sniff out nearby items.
Your experience applies equally to all skills.


Message History

You feel sick.
You feel sick.
You feel sick.
You feel sick.
You feel sick.
You are no longer poisoned.
An ogre comes into view. It is wielding a +0 giant club.
An ogre is nearby!
An ogre is nearby!
An ogre is nearby!
An ogre is nearby!
The magic dart hits the ogre.
The ogre is lightly wounded.
The ogre shouts!
The magic dart hits the ogre.
The ogre is moderately wounded.
The magic dart hits the ogre.
The ogre is moderately wounded.
The magic dart hits the ogre.
The ogre is heavily wounded.
The magic dart hits the ogre.
The ogre is heavily wounded.
The magic dart hits the ogre.
The ogre is heavily wounded.
The magic dart hits the ogre.
The ogre is severely wounded.
The ogre barely misses you.
The magic dart hits the ogre.
The ogre is severely wounded.
The ogre hits you with a +0 giant club!
You barely miss the ogre.
The ogre is severely wounded.
You hit the ogre. You burn the ogre.
The ogre is almost dead.
The ogre closely misses you.
You hit the ogre but do no damage.
The ogre is almost dead.
The ogre hits you with a +0 giant club!!
Ouch! That really hurt!
You die...

###### #....# #....#
#....# #.≈.≈≈≈ #....#
#.≈.≈§§ #....# #.≈.≈._
#....# #.≈.≈..
#########....#####.≈.≈≈≈
......†@...........≈....
.......O...........≈≈≈≈≈
........................
........................
...................##..#
##....###+####'#######'#
#.... .............#...
+.... .............'...
..#######...##..#


You could see an ogre.

Vanquished Creatures
  A howler monkey (D:2)
  2 hound skeletons
  4 adders
  A worm (D:2)
  2 dart slugs (D:1)
  4 orcs
  9 bats
  5 endoplasms
  A giant cockroach (D:4)
  4 goblins
  2 hobgoblins
  4 jackals (D:1)
  3 quokkas
  5 ball pythons
  5 frilled lizards
  5 kobolds
  5 rats
62 creatures vanquished.

Notes
Turn   | Place    | Note
-------+----------+-------------------------------------------
     0 | D:1      | DocClef the Gnoll Hedge Wizard began the quest for the Orb.
     0 | D:1      | Reached XP level 1. HP: 13/13 MP: 8/8
   160 | D:1      | Reached XP level 2. HP: 18/19 MP: 1/10
   660 | D:1      | Reached XP level 3. HP: 25/25 MP: 8/11
   879 | D:1      | Found a faded altar of an unknown god.
  1259 | D:2      | Reached skill level 1 in Invocations
  1337 | D:2      | Reached skill level 1 in Fighting
  1337 | D:2      | Reached skill level 1 in Short Blades
  1337 | D:2      | Reached skill level 1 in Long Blades
  1337 | D:2      | Reached skill level 1 in Axes
  1337 | D:2      | Reached skill level 1 in Maces & Flails
  1337 | D:2      | Reached skill level 1 in Polearms
  1337 | D:2      | Reached skill level 1 in Staves
  1337 | D:2      | Reached skill level 1 in Slings
  1337 | D:2      | Reached skill level 1 in Bows
  1337 | D:2      | Reached skill level 1 in Crossbows
  1337 | D:2      | Reached skill level 1 in Throwing
  1337 | D:2      | Reached skill level 1 in Armour
  1337 | D:2      | Reached skill level 1 in Shields
  1337 | D:2      | Reached skill level 1 in Unarmed Combat
  1337 | D:2      | Reached skill level 1 in Evocations
  1636 | D:2      | Reached XP level 4. HP: 26/32 MP: 9/13
  1940 | D:2      | Reached skill level 1 in Hexes
  1940 | D:2      | Reached skill level 1 in Necromancy
  1940 | D:2      | Reached skill level 1 in Transmutations
  1940 | D:2      | Reached skill level 1 in Fire Magic
  1940 | D:2      | Reached skill level 1 in Ice Magic
  1940 | D:2      | Reached skill level 1 in Air Magic
  1940 | D:2      | Reached skill level 1 in Earth Magic
  1940 | D:2      | Reached skill level 1 in Poison Magic
  2230 | D:2      | Found a stormy altar of Qazlal.
  2244 | D:2      | Reached XP level 5. HP: 37/37 MP: 6/14
  2783 | D:3      | Noticed Ijyb
  3324 | D:4      | Found Cuokk's General Store.
  3490 | D:4      | Found a basalt altar of Yredelemnul.
  3622 | D:4      | Noticed an ogre
  3633 | D:4      | Demolished by an ogre

Illustrated notes

Levels and vault maps discovered:
D:1:      co_arrival_square_in_a_square_in_a_square, layout_loops_ring,
          hellmonk_ecumenical_altar_heavens_door, minmay_shallow_snake_nest
D:2:      layout_rooms, basic_altar
D:3:      layout_basic, lemuel_coloured_pillars_altar, uniq_ijyb
D:4:      layout_gridville, mainiacjoe_overflow_paths,
          mainiacjoe_overflow_concentric_impassable, serial_shops,
          nicolae_shop_temple_entry_statues_fountains, nicolae_shop_self_help

Skill      XL: |  1  2  3  4 |
---------------+-------------+-----
Conjurations   | 2 |  2.4
Summonings     | 2 |  2.4
Translocations | 2 |  2.4
Invocations    | 1 |  1.7
Fighting       | 1 |  1.5
Short Blades   | 1 |  1.5
Long Blades    | 1 |  1.5
Axes           | 1 |  1.5
Maces & Flails | 1 |  1.5
Polearms       | 1 |  1.5
Staves         | 1 |  1.5
Slings         | 1 |  1.5
Bows           | 1 |  1.5
Crossbows      | 1 |  1.5
Throwing       | 1 |  1.5
Armour         | 1 |  1.5
Shields        | 1 |  1.5
Unarmed Combat | 1 |  1.5
Evocations     | 1 |  1.5
Hexes          | 1 |  1.2
Necromancy     | 1 |  1.2
Transmutations | 1 |  1.2
Fire Magic     | 1 |  1.2
Ice Magic      | 1 |  1.2
Air Magic      | 1 |  1.2
Earth Magic    | 1 |  1.2
Poison Magic   | 1 |  1.2
Dodging        | |  4.8
Stealth        | |  4.4
Spellcasting   | |  7.3

Action                   |  1- 3 |  4- 6 || total
-------------------------+-------+-------++-------
Melee: Dagger            |    33 |    14 ||    47
       Bite              |     2 |     1 ||     3
 Cast: Magic Dart        |    77 |   114 ||   191
Armor: Robe              |     8 |     2 ||    10
Dodge: Dodged            |    32 |    28 ||    60
